 Dungeon Crawl Stone Soup version 0.29.1-1-gd02db6906a (webtiles) character file.

Game seed: 15047521215904465793

791 sleeves the Digger (level 7, -2/32 HPs)
             Began as a Vine Stalker Earth Elementalist on Sept 24, 2022.
             Was a Follower of Kikubaaqudgha.
             Slain by Pikel
             ... wielding a +2 whip of flaming
              (7 damage)
             ... on level 5 of the Dungeon.
             The game lasted 00:15:45 (5708 turns).

sleeves the Digger (VSEE)                           Turns: 5708, Time: 00:15:45

Health: -2/32      AC:  6    Str: 11    XL:     7   Next: 88%
Magic:  0/11       EV: 11    Int: 17    God:    Kikubaaqudgha [*.....]
Gold:   126        SH:  3    Dex: 14    Spells: 4/10 levels left

rFire   . . .      SeeInvis .   a - +1 dagger (venom)
rCold   . . .      Faith    .   x - +0 buckler
rNeg    . . .      Spirit   +   z - +2 robe
rPois   .          Reflect  .   (no helmet)
rElec   +          Harm     .   (no cloak)
rCorr   .          Rampage  .   (no gloves)
Will    .....                   i - +1 pair of boots of the Spider Nest {rElec}
Stlth   +++.......              v - amulet of regeneration
HPRegen 1.70/turn               (no ring)
MPRegen 0.12/turn               (no ring)

@: no status effects
A: fangs 2, regeneration 1, magic shield, antimagic bite, no potion heal 2
a: Renounce Religion, Unearth Wretches


You were on level 5 of the Dungeon.
You worshipped Kikubaaqudgha.
Kikubaaqudgha was aware of your devotion.
You visited 2 branches of the dungeon, and saw 7 of its levels.

You collected 382 gold pieces.
You spent 256 gold pieces at shops.

Inventory:

Hand Weapons
 a - a +1 dagger of venom (weapon)
   (You took it off a goblin on level 3 of the Dungeon)
Armour
 i - the +1 pair of boots of the Spider Nest (worn) {rElec}
   (You bought it in a shop on level 2 of the Dungeon)

   rElec:     It insulates you from electricity.
 t - a +0 pair of boots
   (You found it on level 3 of the Dungeon)
 x - a +0 buckler (worn)
   (You found it on level 5 of the Dungeon)
 z - a +2 robe (worn)
   (You took it off Sigmund on level 3 of the Dungeon)
Jewellery
 v - an amulet of regeneration (around neck)
   (You took it off an orc on level 4 of the Dungeon)
 y - an amulet of the acrobat
   (You took it off an orc on level 5 of the Dungeon)
Wands
 r - a wand of polymorph (5)
   (You found it on level 3 of the Dungeon)
Scrolls
 d - 4 scrolls of fear {unknown}
 e - a scroll of noise {unknown}
 h - 4 scrolls of vulnerability {unknown}
 j - 3 scrolls of identify {unknown}
 k - a scroll of summoning {unknown}
 m - a scroll of enchant armour {unknown}
 n - a scroll of amnesia {unknown}
 o - a scroll of brand weapon {unknown}
 p - 2 scrolls of poison {unknown}
 s - 3 scrolls of blinking {unknown}
 w - a scroll of immolation {unknown}
Potions
 b - 2 potions of magic
 c - 4 potions of heal wounds {unknown}
 f - 2 potions of resistance {unknown}
 g - 3 potions of attraction {unknown}
 l - 2 potions of flight {unknown}
 q - a potion of curing {unknown}
 u - a potion of mutation {unknown}


   Skills:
 - Level 1.5 Dodging
 + Level 4.6 Stealth
 - Level 2.1 Spellcasting
 + Level 4.2 Conjurations
 - Level 1.0 Transmutations
 + Level 7.2 Earth Magic


You had 4 spell levels left.
You knew the following spells:

 Your Spells              Type           Power      Damage    Failure   Level
a - Sandblast             Erth           52%        2d12      1%          1
b - Passwall              Tmut/Erth      12%        N/A       8%          2
c - Stone Arrow           Conj/Erth      42%        3d9       8%          3

Your spell library contained the following spells:

 Spells                   Type           Power      Damage    Failure   Level
 Necrotise                Necr           4%         1d4       26%         1
 Wereblood                Tmut           5%         N/A       26%         2
 Sublimation of Blood     Necr           1%         N/A       36%         2
 Petrify                  Tmut/Erth      15%        N/A       43%         4
 Inner Flame              Hex/Fire       1%         N/A       61%         3
 Hailstorm                Conj/Ice       9%         3d4       71%         4
 Ice Form                 Ice/Tmut       3%         N/A       91%         4
 Anguish                  Hex/Necr       0%         N/A       95%         4
 Animate Dead             Necr           1%         N/A       95%         4
 Cause Fear               Hex            0%         N/A       95%         4
 Simulacrum               Ice/Necr       0%         N/A       100%        6
 Summon Hydra             Summ           0%         N/A       100%        7
 Discord                  Hex            0%         N/A       100%        8


Dungeon Overview and Level Annotations

Branches:
Dungeon (6/15)             Temple (1/1) D:4

Altars:
Ashenzari
Cheibriados
Dithmenos
Fedhas
Kikubaaqudgha
Nemelex Xobeh
Okawaru
Qazlal
Ru
Sif Muna
Trog
Vehumet
Wu Jian
Xom
Yredelemnul
Zin
The Shining One

Shops:
D:2 [   D:3 ?   D:5 (

Annotations:
D:5 Pikel


Innate Abilities, Weirdness & Mutations

You have extremely sharp teeth.
Your natural rate of healing is unusually fast.
When hurt, damage is shared between your health and your magic reserves.
Your bite disrupts and absorbs the magic of your enemies.
Potions cannot restore your health.


Message History

A rat comes into view.
Found a stone staircase leading down.
A rat is nearby!
A rat is nearby!
The blast of sand hits the rat!
You kill the rat!
You see here a rat corpse.
Found a stone staircase leading down.
You now have enough gold to buy a pair of slimy boots on D:2.
You can access your shopping list by pressing '$'.
You now have 258 gold pieces (gained 11).
There is a stone staircase leading down here.
An endoplasm comes into view.
The blast of sand hits the endoplasm!!
You kill the endoplasm!
You now have 274 gold pieces (gained 16).
You now have 289 gold pieces (gained 15).
g - 3 glowing blue potions (gained 1)
There is a stone staircase leading down here.
Done exploring.
Done exploring.
Done exploring.
Done exploring.
Unknown command.
Done exploring.
Done exploring.
Done exploring.
Done exploring.
(D) Dungeon
Where to? (Enter - D:3, ? - help)
There is a stone staircase leading down here.
You climb downwards.
There is a stone staircase leading up here.
Unknown command.
You open the door.
There is an open door here.
An adder comes into view.
An adder is nearby!
The adder hisses angrily.
The blast of sand hits the adder!
The adder is almost dead.
The blast of sand hits the adder.
You kill the adder!
Magic restored.
You open the door.
There is an open door here.
A ball python comes into view.
The ball python hisses angrily.
A ball python is nearby!
A ball python is nearby!
The blast of sand hits the ball python!
You kill the ball python!
You now have 305 gold pieces (gained 16).
f - 2 inky potions (gained 1)
u - a coppery potion
Found a stone staircase leading down.
You open the door.
There is an open door here.
You open the door.
A hobgoblin comes into view.
The hobgoblin shouts!
There is an open door here.
The blast of sand hits the hobgoblin!
You kill the hobgoblin!
You open the door.
There is an open door here.
Found a leather armour.
Found 4 stones.
You open the door.
There is an open door here.
You open the door.
Found an escape hatch in the ceiling.
There is an open door here.
Found 5 boomerangs.
There is an escape hatch in the ceiling here.
Found a spear.
Found 2 javelins.
Found a hand axe.
Found a staircase to the Ecumenical Temple.
A hobgoblin comes into view.
There is a staircase to the Ecumenical Temple here.
You climb downwards.
Welcome to the Ecumenical Temple!
There is a staircase back to the Dungeon here.
You can't see any susceptible monsters within range! (Use Z to cast anyway.)
You can't see any susceptible monsters within range! (Use Z to cast anyway.)
You can't see any susceptible monsters within range! (Use Z to cast anyway.) Unknown command.
You open the door.
Found a bloodstained altar of Trog.
There is an open door here.
You open the door. You open the door.
Found a glowing silver altar of Zin.
Found an iron altar of Okawaru.
There is an open door here.
You open the door.
Found an ornate altar of the Wu Jian Council.
You open the door.
Found a snail-covered altar of Cheibriados.
There is an open door here.
You open the door.
Found a basalt altar of Yredelemnul.
There is an open door here.
As you open the door, it creaks loudly!
Found a sacrificial altar of Ru.
There is an open door here.
There is a fountain of clear blue water here.
You open the door.
Found a shimmering blue altar of Sif Muna.
There is an open door here.
You open the door.
Found an ancient bone altar of Kikubaaqudgha.
You open the door.
Found a blossoming altar of Fedhas.
There is an open door here.
As you open the door, it creaks loudly!
Found a shadowy altar of Dithmenos.
You open the door.
Found a glowing golden altar of the Shining One.
There is an open door here.
You open the door.
Key pressed, stopping explore.
You open the door.
Found a broken altar of Ashenzari.
You open the door.
Found a sparkling altar of Nemelex Xobeh.
You open the door.
Found a shimmering altar of Xom.
You open the door.
Found a radiant altar of Vehumet.
You open the door.
Found a stormy altar of Qazlal.
There is an open door here.
Done exploring.
Done exploring.
Done exploring.
Done exploring.
Done exploring.
Done exploring.
Done exploring.
Done exploring.
Unknown command.
Search for what [Enter for "dag", or ? for help]? kiku
There is an open door here.
There is an ancient bone altar of Kikubaaqudgha here.
You kneel at the altar of Kikubaaqudgha.
You kneel at the altar of Kikubaaqudgha.
Okay, then.
Sorry, you're not good enough to have a special ability.
You kneel at the altar of Kikubaaqudgha.
Kikubaaqudgha welcomes you!
(D) Dungeon (T) Temple
Where to? (Enter - Temple @ (x,y), ? - help)
There is an open door here.
There is a staircase back to the Dungeon here.
You climb upwards.
Welcome back to the Dungeon!
There is a staircase to the Ecumenical Temple here.
Unknown command.
There is a large open door here.
There is a large open door here.
A jelly comes into view.
The jelly quivers.
A jelly is nearby!
A jelly is nearby!
The jelly jiggles.
There is an escape hatch in the ceiling here.
A mysterious force pulls you upwards. The hatch slams shut behind you.
Unknown command.
There is a stone staircase leading down here.
You climb downwards.
There is a stone staircase leading up here.
You open the door.
There is an open door here.
You now have 329 gold pieces (gained 24).
A ball python comes into view.
A ball python is nearby!
The blast of sand hits the ball python!
You kill the ball python!
Kikubaaqudgha accepts your kill.
Magic restored.
Found a stone staircase leading down.
A goblin comes into view. It is wielding a +0 dagger.
The goblin shouts!
A goblin is nearby!
The blast of sand hits the goblin!
You kill the goblin!
Kikubaaqudgha accepts your kill.
There is a stone staircase leading down here.
A goblin comes into view. It is wielding a +0 dagger.
A goblin is nearby!
A goblin is nearby!
A goblin is nearby!
The blast of sand hits the goblin!
You kill the goblin!
Kikubaaqudgha accepts your kill.
A quokka comes into view.
The quokka moves out of view.
A quokka is nearby!
The blast of sand hits the quokka!
You kill the quokka!
Kikubaaqudgha accepts your kill.
An orc wizard, an orc priest and an orc come into view.
Found an escape hatch in the floor.
The orc wizard shouts!
The orc wizard gestures at you while chanting.
You easily resist.
The orc priest shouts!
The orc shouts!
There are monsters nearby!
There are monsters nearby!
The hobgoblin shouts!
The orc priest invokes the aid of Beogh against you.
Beogh smites you!
There is a stone staircase leading up here.
Casting: Sandblast (safe; 1% risk of failure)
Confirm with . or Enter, or press ? or * to list all spells.
Aiming: Sandblast (safe; 1% risk of failure)
Press: ? - help, Shift-Dir - straight line, f - hobgoblin
Aim: a hobgoblin (83% to hit)
The blast of sand hits the hobgoblin.
You kill the hobgoblin!
Kikubaaqudgha accepts your kill.
The orc priest looks braver for a moment.
Casting: Sandblast (safe; 1% risk of failure)
Confirm with . or Enter, or press ? or * to list all spells.
Aiming: Sandblast (safe; 1% risk of failure)
Press: ? - help, Shift-Dir - straight line, f - orc
Aim: an orc, wielding a +0 hand axe, wearing a +0 leather armour and wearing an amulet of regeneration (83% to hit)
The blast of sand hits the orc!
You kill the orc!
Kikubaaqudgha accepts your kill.
The orc wizard gestures at you while chanting.
The puff of flame hits you!
The orc priest looks satisfied for a moment.
Casting: Sandblast (safe; 1% risk of failure)
Confirm with . or Enter, or press ? or * to list all spells.
Aiming: Sandblast (safe; 1% risk of failure)
Press: ? - help, Shift-Dir - straight line, f - orc wizard
Aim: an orc wizard, wielding a +0 dagger and wearing a +0 robe (79% to hit)
The blast of sand hits the orc wizard!
You kill the orc wizard!
Kikubaaqudgha accepts your kill.
You have reached level 7!
Casting: Sandblast (safe; 1% risk of failure)
Confirm with . or Enter, or press ? or * to list all spells.
You can't see any susceptible monsters within range! (Use Z to cast anyway.) Unknown command.
The orc priest miscasts a cantrip.
Casting: Sandblast (safe; 1% risk of failure)
Confirm with . or Enter, or press ? or * to list all spells.
You can't see any susceptible monsters within range! (Use Z to cast anyway.) Unknown command.
Casting: Sandblast (safe; 1% risk of failure)
Confirm with . or Enter, or press ? or * to list all spells.
Aiming: Sandblast (safe; 1% risk of failure)
Press: ? - help, Shift-Dir - straight line, f - orc priest
Aim: an orc priest, wielding a +0 flail (83% to hit)
The blast of sand hits the orc priest!
The orc priest is almost dead.
The orc priest looks braver for a moment.
Casting: Sandblast (safe; 1% risk of failure)
Confirm with . or Enter, or press ? or * to list all spells.
Aiming: Sandblast (safe; 1% risk of failure)
Press: ? - help, Shift-Dir - straight line, f/p - orc priest
Aim: an orc priest, wielding a +0 flail (almost dead, 83% to hit)
The blast of sand hits the orc priest.
You kill the orc priest!
Kikubaaqudgha accepts your kill.
Your Stealth skill increases to level 3!
Unknown command.
Things that are here:
a +0 flail; an orc corpse; a hobgoblin corpse
v - an amulet of regeneration You now have 342 gold pieces (gained 13).
Items here: )) [[.
You open the door.
There is an open door here.
You open the door.
Found a dagger.
There is an open door here. 3 jackals come into view.
There are monsters nearby!
A jackal comes into view.
The jackal barks! x3
The blast of sand hits the jackal.
The jackal is severely wounded.
The jackal barks!
The blast of sand hits the jackal.
You kill the jackal!
Kikubaaqudgha accepts your kill. The jackal bites you. The jackal misses you.
The blast of sand hits the jackal!
You kill the jackal!
Kikubaaqudgha accepts your kill.
The jackal bites you but does no damage.
The jackal bites you. The jackal misses you.
The blast of sand hits the jackal!
You kill the jackal!
Kikubaaqudgha accepts your kill. The jackal bites you.
The jackal barely misses you.
The blast of sand hits the jackal!
You kill the jackal!
Kikubaaqudgha accepts your kill.
Found a stone staircase leading down.
There is a stone staircase leading down here.
Found a stone staircase leading up.
There is a stone staircase leading up here.
As you open the door, it creaks loudly!
You hear an angry hiss.
Found 11 gold pieces.
A ball python comes into view.
Found a leather armour.
The ball python hisses angrily.
There is an open door here.
A ball python is nearby!
The blast of sand hits the ball python!
You kill the ball python!
Kikubaaqudgha accepts your kill.
You now have 353 gold pieces (gained 11).
Found a leather armour.
p - 2 scrolls labelled PANAUH NEUMYCAO (gained 1)
You open the door.
There is an open door here.
Found 2 stones.
You see here 2 stones.
There is a stone staircase leading up here.
You hear a distant slurping noise.
Found a stone staircase leading up.
You open the door.
There is an open door here.
There is an open door here.
There is an open door here.
There is an open door here.
There is an escape hatch in the ceiling here.
A jelly is nearby!
A jelly is nearby!
What are your orders? t - Shout!
Orders for allies: a - Attack new target. r - Retreat! s - Stop attacking. g - Guard the area. f - Follow me.
Anything else - Cancel.
You shout for attention!
The jelly quivers.
What are your orders? t - Shout!
Orders for allies: a - Attack new target. r - Retreat! s - Stop attacking. g - Guard the area. f - Follow me.
Anything else - Cancel.
You shout for attention!
There is an escape hatch in the ceiling here.
Casting: Sandblast (safe; 1% risk of failure)
Confirm with . or Enter, or press ? or * to list all spells.
Aiming: Sandblast (safe; 1% risk of failure)
Press: ? - help, Shift-Dir - straight line, f - jelly
Aim: a jelly (100% to hit)
The blast of sand hits the jelly!!
The jelly is almost dead.
Casting: Sandblast (safe; 1% risk of failure)
Confirm with . or Enter, or press ? or * to list all spells.
Aiming: Sandblast (safe; 1% risk of failure)
Press: ? - help, Shift-Dir - straight line, f/p - jelly
Aim: a jelly (almost dead, 100% to hit)
The blast of sand hits the jelly!
You kill the jelly!
Kikubaaqudgha accepts your kill.
Unknown command.
Done exploring.
Done exploring.
Done exploring.
(D) Dungeon (T) Temple
Where to? (Enter - D:3 @ (x,y), ? - help)
You see here 2 stones.
There is a stone staircase leading down here.
You climb downwards.
Found a rapier.
There is a stone staircase leading up here.
There are monsters nearby!
Unknown command.
The blast of sand hits the white imp!
You kill the white imp!
Kikubaaqudgha accepts your kill.
The adder hisses angrily.
The blast of sand hits the adder!
The adder is almost dead.
The blast of sand hits the adder!
You kill the adder!
Kikubaaqudgha accepts your kill.
Magic restored.
You open the door.
There is an open door here.
You open the door.
Found 3 stones.
There is an open door here.
An adder comes into view.
An adder is nearby!
The adder hisses angrily.
The blast of sand misses the adder.
The adder closely misses you.
You miscast Sandblast.
You are very lightly contaminated with residual magic.
Nothing appears to happen.
The adder closely misses you.
The blast of sand misses the adder.
The adder misses you. The adder barely misses you.
The blast of sand hits the adder!
You kill the adder!
Kikubaaqudgha accepts your kill.
Your magical contamination has completely faded away.
j - 3 scrolls labelled TIFFOE GUXO (gained 1)
w - a scroll labelled JONLUN LIMMIBB You open the door.
There is an open door here.
You open the door.
There is an open door here.
You open the door.
There is an open door here.
There is an open door here.
There is an open door here.
You open the door.
There is an open door here.
A gnoll comes into view. It is wielding a +0 spear.
A gnoll is nearby! 3 gnolls come into view.
Found a buckler.
The gnoll shouts! x4
A gnoll opens the door.
There is an open door here.
There is an open door here.
There is a stone staircase leading up here.
The blast of sand hits the gnoll.
The gnoll is heavily wounded.
The blast of sand hits the gnoll!
You kill the gnoll!
Kikubaaqudgha accepts your kill.
The blast of sand hits the gnoll.
The gnoll is moderately wounded.
The gnoll barely misses you.
The blast of sand hits the gnoll.
The gnoll is severely wounded.
The gnoll hits you from afar with a +0 spear.
The gnoll hits you from afar with a +0 spear!
The gnoll hits you from afar with a +0 spear.
The blast of sand hits the gnoll!
You kill the gnoll!
Kikubaaqudgha accepts your kill.
The gnoll hits you from afar with a +0 spear.
You are too injured to fight recklessly!
Casting: Sandblast (safe; 1% risk of failure)
Confirm with . or Enter, or press ? or * to list all spells.
Aiming: Sandblast (safe; 1% risk of failure)
Press: ? - help, Shift-Dir - straight line, f - gnoll
Aim: a gnoll, wielding a +0 spear (85% to hit)
The blast of sand hits the gnoll!
You kill the gnoll!
Kikubaaqudgha accepts your kill.
HP restored.
Things that are here:
a +0 spear; a gnoll corpse
Things that are here:
a +0 spear; a gnoll corpse
There is an open door here.
The blast of sand hits the gnoll.
The gnoll is moderately wounded.
The gnoll shouts!
The gnoll hits you with a +0 whip.
The blast of sand hits the gnoll.
The gnoll is severely wounded.
The gnoll hits you with a +0 whip. The gnoll closely misses you.
The blast of sand misses the gnoll.
The gnoll hits you with a +0 whip.
The blast of sand hits the gnoll but does no damage.
The gnoll is severely wounded.
The gnoll completely misses you. The gnoll hits you but does no damage.
The blast of sand hits the gnoll!
You kill the gnoll!
Kikubaaqudgha accepts your kill.
Search for what [Enter for "kiku", or ? for help]? buck As you open the door, it creaks loudly!
Unknown command.
(D) Dungeon (T) Temple
Where to? (Enter - D:5 @ (x,y), ? - help)
There is an open door here.
Found a stone staircase leading up.
You see here a +0 buckler.
x - a +0 buckler You start putting on your armour.
You continue putting on your +0 buckler. x4
You finish putting on your +0 buckler.
Unknown command.
Found a hand axe.
You open the door.
There is an open door here.
A hound comes into view.
A hound is nearby!
A hound is nearby!
The blast of sand hits the hound!
The hound is almost dead.
The hound barks!
The blast of sand hits the hound!
You kill the hound!
Kikubaaqudgha accepts your kill.
You open the door.
There is an open door here.
An orc wizard comes into view. It is wielding a +0 war axe.
An orc comes into view. It is wielding a +0 flail.
There are monsters nearby!
There are monsters nearby!
An orc comes into view. It is wielding a +0 mace.
There is an open door here.
The blast of sand hits the orc wizard!
The orc wizard is heavily wounded.
The orc shouts! x2
An orc wizard comes into view. It is wielding a +0 dagger. x2
The blast of sand hits the orc wizard.
The orc wizard is severely wounded.
The orc wizard shouts! x2
You block the orc wizard's attack.
The orc wizard casts a spell.
The orc wizard flickers and vanishes!
Deactivating autopickup; reactivate with Ctrl-A.
Casting: Sandblast (safe; 1% risk of failure)
Confirm with . or Enter, or press ? or * to list all spells.
Aiming: Sandblast (safe; 1% risk of failure)
Press: ? - help, Shift-Dir - straight line The blast of sand hits something.
You hear some strange, mumbled words.
A puff of flame appears from out of thin air!
The puff of flame hits you!
You hear some strange, mumbled words.
A puff of flame appears from out of thin air!
The puff of flame hits you!
You hear some strange, mumbled words.
Something tries to affect you, but you resist.
A puff of flame appears from out of thin air!
The puff of flame misses you.
Casting: Sandblast (safe; 1% risk of failure)
Confirm with . or Enter, or press ? or * to list all spells.
You don't know that spell.
The orc wizard shouts!
The orc wizard mumbles some strange words.
The orc wizard flickers and vanishes!
Casting: Sandblast (safe; 1% risk of failure)
Confirm with . or Enter, or press ? or * to list all spells.
Aiming: Sandblast (safe; 1% risk of failure)
Press: ? - help, Shift-Dir - straight line, f - orc wizard
Aim: an orc wizard, wielding a +0 dagger and wearing a +0 robe (79% to hit)
The blast of sand hits something!
Kikubaaqudgha accepts your kill.
Reactivating autopickup.
You feel a bit more experienced.
Casting: Sandblast (safe; 1% risk of failure)
Confirm with . or Enter, or press ? or * to list all spells.
Aiming: Sandblast (safe; 1% risk of failure)
Press: ? - help, Shift-Dir - straight line, f/p - orc wizard
Aim: an orc wizard, wielding a +0 dagger and wearing a +0 robe (79% to hit)
The blast of sand hits the orc wizard!
The orc wizard is severely wounded.
The orc wizard gestures at you while chanting.
You easily resist.
Casting: Sandblast (safe; 1% risk of failure)
Confirm with . or Enter, or press ? or * to list all spells.
You don't know that spell.
You hit the orc wizard.
The orc wizard is poisoned.
You bite the orc wizard.
You kill the orc wizard!
Kikubaaqudgha accepts your kill.
Your Stealth skill increases to level 4!
Your Earth Magic skill increases to level 7!
You hit the orc.
The orc is poisoned.
You bite the orc. You drain its power.
You feel invigorated.
The orc is heavily wounded.
The orc barely misses you.
You hit the orc but do no damage.
The orc looks even sicker.
The orc is almost dead.
The orc closely misses you.
You hit the orc.
You kill the orc!
Kikubaaqudgha accepts your kill.
You closely miss the orc. The orc hits you with a +0 mace.
You closely miss the orc. You bite the orc. You drain its power.
You feel invigorated.
The orc is heavily wounded.
The orc closely misses you.
You closely miss the orc.
The orc is heavily wounded.
You block the orc's attack.
You hit the orc.
The orc is poisoned.
The orc is severely wounded.
The orc closely misses you.
You hit the orc.
You kill the orc!
Kikubaaqudgha accepts your kill.
You hear some strange, mumbled words.
Deactivating autopickup; reactivate with Ctrl-A.
You are confused.
You're too confused to move!
You miss something. Something hits you.
You hit something.
You hear some strange, mumbled words.
A puff of flame appears from out of thin air!
The puff of flame hits you. Something hits you.
You barely miss something. Something hits you.
You closely miss something. Your bite misses something.
You feel less confused. Something hits you.
Casting: Sandblast (safe; 1% risk of failure)
Confirm with . or Enter, or press ? or * to list all spells.
You don't know that spell.
Casting: Sandblast (safe; 1% risk of failure)
Confirm with . or Enter, or press ? or * to list all spells.
Aiming: Sandblast (safe; 1% risk of failure)
Press: ? - help, Shift-Dir - straight line Something hits you.
Something hits you but does no damage.
Casting: Sandblast (safe; 1% risk of failure)
Confirm with . or Enter, or press ? or * to list all spells.
Aiming: Sandblast (safe; 1% risk of failure)
Press: ? - help, Shift-Dir - straight line The blast of sand hits something.
Something hits you but does no damage.
Casting: Sandblast (safe; 1% risk of failure)
Confirm with . or Enter, or press ? or * to list all spells.
Aiming: Sandblast (safe; 1% risk of failure)
Press: ? - help, Shift-Dir - straight line The blast of sand hits something!
Kikubaaqudgha accepts your kill.
Reactivating autopickup.
You feel a bit more experienced.
Your Conjurations skill increases to level 4!
Things that are here:
a +0 dagger; a +0 robe
y - an amulet of the acrobat;
c - 4 pink potions (gained 1)
l - 2 metallic silvery potions (gained 1)
You now have 370 gold pieces (gained 17).
Items here: ))) [ †.
Search for what [Enter for "buck", or ? for help]? ar,pr Can't find anything matching that.
Search for what [Enter for "ar,pr", or ? for help]? armor
Things that are here:
a +0 war axe; a +0 robe; an orc corpse
There is an open door here.
You see here a +0 hand axe.
There is an open door here.
Magic restored.
There is an open door here.
Things that are here:
a +0 spear; a gnoll skeleton
Things that are here:
a +0 spear; a gnoll skeleton
There is a stone staircase leading up, spattered with blood here.
You climb upwards.
There is a stone staircase leading down here.
There is a stone staircase leading up here.
You climb upwards.
There is a stone staircase leading down here.
Items here: ))) [[.
z - a +2 robe You start removing your armour.
You continue taking off your +0 robe. x4
You finish taking off your +0 robe.
You start putting on your armour.
You continue putting on your +2 robe. x5
You finish putting on your +2 robe.
You drop a +0 robe.
You start putting on your amulet.
You continue putting on your amulet of regeneration. x5
You finish putting on your amulet of regeneration.
The amulet throbs as it attunes itself to your uninjured body.
v - an amulet of regeneration (around neck)
Okay, then.
You drop a +0 dagger.
Adjust (i)tems, (s)pells, or (a)bilities?
s - a +1 dagger of venom (weapon)
Adjust to which letter? (? for menu, Esc to quit)
a - a +1 dagger of venom (weapon)
Aiming: Sandblast (safe; 1% risk of failure)
Press: ? - help, Q - select action, (/) - cycle Shift-Dir - straight line, f - you That would be overly suicidal.
Okay, then.
Search for what [Enter for "armor", or ? for help]?
There is a stone staircase leading up here.
You climb upwards.
There is a stone staircase leading down here.
There is an entrance to Edazasse's Antique Armour Emporium here.
i - the +1 pair of boots of the Spider Nest {rElec} Thank you for shopping at Edazasse's Antique Armour Emporium!
You can access your shopping list by pressing '$'.
You start removing your armour.
You continue taking off your +0 pair of boots. x4
You finish taking off your +0 pair of boots.
You start putting on your armour.
You continue putting on the +1 pair of boots of the Spider Nest {rElec}. x5
You finish putting on the +1 pair of boots of the Spider Nest {rElec}.
You can access your shopping list by pressing '$'.
Unknown command.
(D) Dungeon (T) Temple
Where to? (Enter - D:2 @ (x,y), ? - help)
There is a stone staircase leading down here.
You climb downwards.
There is a stone staircase leading up here.
(D) Dungeon (T) Temple
Where to? (Enter - D:3, ? - help)
You see here a +0 dagger.
There is a stone staircase leading down here.
You climb downwards.
There is a stone staircase leading up here.
Done exploring.
Done exploring.
(D) Dungeon (T) Temple
Where to? (Enter - D:4, ? - help)
There is a stone staircase leading down here.
You climb downwards.
There is a stone staircase leading up, spattered with blood here.
Things that are here:
a +0 spear; a gnoll skeleton
Things that are here:
a +0 spear; a gnoll skeleton
There is an open door here.
There is an open door here.
As you open the door, it creaks loudly!
There is an open door here.
You open the door.
There is an open door here.
You open the door.
There is an open door here.
There is an open door here.
There is an open door here.
Found a leather armour.
You enter the shallow water.
Moving in this stuff is going to be slow.
You open the door.
Found Hupsut's Antique Weapon Emporium.
There is an open door here.
There is an entrance to Hupsut's Antique Weapon Emporium here.
You can access your shopping list by pressing '$'.
Unknown command.
There is an open door here.
You enter the shallow water.
Moving in this stuff is going to be slow.
You enter the shallow water.
Moving in this stuff is going to be slow.
You enter the shallow water.
Moving in this stuff is going to be slow.
You open the door.
Found a tower shield.
Found a stone staircase leading down.
There is an open door here.
There is a stone staircase leading down here.
You see here a +0 tower shield.
You open the door.
An orc comes into view. It is wielding a +0 dagger.
Found a stone staircase leading down.
An orc is nearby!
There is an open door here.
The blast of sand hits the orc!
You kill the orc!
Kikubaaqudgha accepts your kill.
Magic restored.
There is a stone staircase leading down here.
Found 5 stones.
Found a stone staircase leading up.
You open the door.
There is an open door here.
You open the door. You open the door.
There is an open door here.
h - 4 scrolls labelled UTUUSCHEFIO (gained 1)
You open the door.
There is an open door here.
There is an open door here.
There is an open door here.
You open the door.
A jelly comes into view.
There is an open door here.
The blast of sand hits the jelly!
The jelly is heavily wounded.
The jelly quivers.
The blast of sand hits the jelly!
You kill the jelly!
Kikubaaqudgha accepts your kill.
You can now bring forth the wretched and dying.
Kikubaaqudgha grants you a gift!
You add the spells Necrotise, Anguish and Animate Dead to your library.
Okay, then.
Okay, then.
s - 3 scrolls labelled SOIR TOTUTHRUG
There is an open door here.
There is an open door here.
There is an open door here.
Found a stone staircase leading down.
As you open the door, it creaks loudly!
There is an open door here.
Found a spear.
You now have 126 gold pieces (gained 12).
There is an open door here.
There is an open door here.
There is an open door here.
Found a dagger.
Done exploring.
Done exploring.
Done exploring.
Unknown command.
Done exploring.
Done exploring.
Done exploring.
(D) Dungeon (T) Temple
Where to? (Enter - D:5, ? - help)
There is an open door here.
There is an open door here.
There is an open door here.
There is an open door here.
There is a stone staircase leading down here.
You climb downwards.
Found a scroll labelled KIYWNANITT.
There is a stone staircase leading up here.
A bullfrog is nearby!
Unknown command.
The blast of sand hits the bullfrog!
The bullfrog is severely wounded.
The bullfrog gives a loud, deep croak!
You hear a shout! x2
A lemure comes into view. x2
The blast of sand misses the bullfrog.
The lemure shouts!
You hear a shout!
A lemure comes into view.
The bullfrog barely misses you.
Pikel, Merchant of Souls comes into view.
He is wielding a +2 whip of flaming.
Okay, then.
You block the bullfrog's attack.
The bullfrog hits you but does no damage.
You climb upwards.
There is a stone staircase leading down here.
The blast of sand hits the bullfrog!!
You kill the bullfrog!
Kikubaaqudgha accepts your kill.
Magic restored.
You enter the shallow water.
Moving in this stuff is going to be slow.
There is an open door here.
There is a stone staircase leading down here.
You climb downwards.
Level annotation: Pikel
There is a stone staircase leading up here.
The blast of sand hits the lemure!
The lemure is heavily wounded.
The lemure shouts!
The blast of sand hits the lemure!
You kill the lemure!
That felt strangely unrewarding.
The blast of sand hits the lemure!
The lemure is heavily wounded.
The blast of sand misses the lemure.
The lemure hits you but does no damage.
The blast of sand hits the lemure!
The lemure is almost dead.
The lemure closely misses you. The lemure barely misses you.
The blast of sand hits the lemure!
You kill the lemure!
That felt strangely unrewarding.
Pikel says, "You'll feel the lick of my whip!"
The lemure barely misses you.
You climb upwards.
There is a stone staircase leading down here.
The blast of sand hits the lemure.
The lemure is moderately wounded.
The lemure hits you. x2
The blast of sand hits the lemure.
The lemure is moderately wounded.
The lemure closely misses you.
The blast of sand hits the lemure.
The lemure is moderately wounded.
The lemure hits you. You block the lemure's attack.
The blast of sand hits the lemure.
The lemure is heavily wounded.
* * * LOW MAGIC WARNING * * *
The lemure closely misses you.
The blast of sand hits the lemure!
You kill the lemure!
That felt strangely unrewarding.
* * * LOW MAGIC WARNING * * *
Magic restored.
Done exploring.
There is an open door here.
You enter the shallow water.
Moving in this stuff is going to be slow.
There is a stone staircase leading down here.
You climb downwards.
Level annotation: Pikel
There is a stone staircase leading up here.
The lemure shouts!
Casting: Sandblast (safe; 1% risk of failure)
Confirm with . or Enter, or press ? or * to list all spells.
You don't know that spell.
An iguana comes into view.
Casting: Sandblast (safe; 1% risk of failure)
Confirm with . or Enter, or press ? or * to list all spells.
Aiming: Sandblast (safe; 1% risk of failure)
Press: ? - help, Shift-Dir - straight line, f - lemure
Aim: a lemure (79% to hit)
The blast of sand hits the lemure.
The lemure is moderately wounded.
Pikel shouts!
The iguana hisses angrily.
There is a stone staircase leading up here.
Casting: Sandblast (safe; 1% risk of failure)
Confirm with . or Enter, or press ? or * to list all spells.
Aiming: Sandblast (safe; 1% risk of failure)
Press: ? - help, Shift-Dir - straight line, f/p - lemure
Aim: a lemure (moderately wounded, 79% to hit)
The blast of sand hits the lemure.
The lemure is heavily wounded.
Casting: Sandblast (safe; 1% risk of failure)
Confirm with . or Enter, or press ? or * to list all spells.
Aiming: Sandblast (safe; 1% risk of failure)
Press: ? - help, Shift-Dir - straight line, f/p - lemure
Aim: a lemure (heavily wounded, 79% to hit)
The blast of sand hits the lemure but does no damage.
The lemure is heavily wounded.
The lemure barely misses you.
Casting: Sandblast (safe; 1% risk of failure)
Confirm with . or Enter, or press ? or * to list all spells.
Aiming: Sandblast (safe; 1% risk of failure)
Press: ? - help, Shift-Dir - straight line, f - Pikel, p - lemure
Aim: Pikel, wielding a +2 whip of flaming and wearing a +0 robe (79% to hit)
The blast of sand hits the lemure!
The lemure is severely wounded.
The lemure hits you but does no damage.
Unknown command.
You climb upwards.
There is a stone staircase leading down here.
You hit Pikel.
Pikel is lightly wounded.
Pikel hits you with a +2 whip of flaming.
Pikel burns you.
You closely miss Pikel. You bite Pikel. You drain his power.
You feel invigorated.
Pikel is lightly wounded.
Pikel closely misses you.
You miss Pikel. You bite Pikel. You drain his power.
You feel invigorated.
Pikel is lightly wounded.
Pikel hits you with a +2 whip of flaming!
Pikel burns you.
You hit Pikel but do no damage.
Pikel is poisoned.
Your bite misses Pikel.
Pikel is lightly wounded.
Pikel hits you with a +2 whip of flaming.
Pikel burns you.
You hit Pikel. Your bite misses Pikel.
Pikel is moderately wounded.
Pikel hits you with a +2 whip of flaming.
Pikel burns you.
You closely miss Pikel.
Pikel is moderately wounded.
You block Pikel's attack.
You hit Pikel but do no damage.
Pikel looks as sick as possible!
Your bite misses Pikel.
Pikel is moderately wounded.
Pikel barely misses you.
Casting: Sandblast (safe; 1% risk of failure)
Confirm with . or Enter, or press ? or * to list all spells.
Aiming: Sandblast (safe; 1% risk of failure)
Press: ? - help, Shift-Dir - straight line, f - Pikel
Aim: Pikel, wielding a +2 whip of flaming and wearing a +0 robe (heavily wounded, extremely poisoned, 79% to hit)
The blast of sand hits Pikel but does no damage.
Pikel is heavily wounded.
Pikel hits you with a +2 whip of flaming!
Pikel burns you. Pikel waves his whip at you. You block Pikel's attack.
Unknown command.
Unknown command.
Unknown command.
Unknown command.
Unknown command.
Unknown command.
Unknown command.
Casting: Sandblast (safe; 1% risk of failure)
Confirm with . or Enter, or press ? or * to list all spells.
Aiming: Sandblast (safe; 1% risk of failure)
Press: ? - help, Shift-Dir - straight line, f/p - Pikel
Aim: Pikel, wielding a +2 whip of flaming and wearing a +0 robe (heavily wounded, extremely poisoned, 79% to hit)
The blast of sand hits Pikel.
Pikel is heavily wounded.
Pikel hits you with a +2 whip of flaming.
Pikel burns you.
* * * LOW HITPOINT WARNING * * *
You barely miss Pikel. Your bite misses Pikel.
Pikel is severely wounded.
Pikel hits you with a +2 whip of flaming!
* * * LOW HITPOINT WARNING * * *
Pikel burns you.
* * * LOW HITPOINT WARNING * * *
Pikel closely misses you.
Casting: Sandblast (safe; 1% risk of failure)
Confirm with . or Enter, or press ? or * to list all spells.
Aiming: Sandblast (safe; 1% risk of failure)
Press: ? - help, Shift-Dir - straight line, f/p - Pikel
Aim: Pikel, wielding a +2 whip of flaming and wearing a +0 robe (severely wounded, very poisoned, 79% to hit)
The blast of sand misses Pikel.
* * * LOW MAGIC WARNING * * *
Pikel says, "Hell isn't that bad."
Pikel hits you with a +2 whip of flaming.
* * * LOW HITPOINT WARNING * * *
Pikel burns you.
* * * LOW HITPOINT WARNING * * *
You hit Pikel but do no damage.
Pikel looks as sick as possible!
Your bite misses Pikel.
Pikel is almost dead.
Pikel hits you with a +2 whip of flaming!
* * * LOW MAGIC WARNING * * *
You die...
Kikubaaqudgha rasps: "You have failed me!
Welcome... death!"

.# #....# #.... .# #....# #....
.# #....######## ##### ###
#..#.....#..# ..# #...........#
..# #...........# ..#
########...###### ..#
#..K...#...##...# ..#
#..@...#........#### ..#
#......'.......#....
..############......####+####....
+##..<.......###.<...............
............)..#.................
....)).........#.................
.....).........#.................
...............#.............####
...............#..........)..#...


You could see Pikel (extremely poisoned).

Vanquished Creatures
  Sigmund (D:3)
  3 lemures
  A bullfrog (D:5)
  2 jellies
  3 orc priests
  A hound (D:5)
  5 orc wizards
  8 gnolls
  6 adders
  A white imp (D:5)
  A worm (D:2)
  A dart slug (D:3)
  13 orcs
  8 bats
  8 endoplasms
  4 giant cockroaches
  16 goblins
  11 hobgoblins
  4 jackals (D:4)
  2 quokkas
  11 ball pythons
  3 frilled lizards
  5 kobolds
  6 rats
124 creatures vanquished.

Notes
Turn   | Place    | Note
-------+----------+-------------------------------------------
     0 | D:1      | sleeves the Vine Stalker Earth Elementalist began the quest
                  | for the Orb.
     0 | D:1      | Reached XP level 1. HP: 9/9 MP: 4/4
   206 | D:1      | Reached XP level 2. HP: 13/13 MP: 4/6
   650 | D:1      | Reached skill level 4 in Earth Magic
  1015 | D:2      | Reached XP level 3. HP: 16/16 MP: 4/7
  1117 | D:2      | Found Edazasse's Antique Armour Emporium.
  1454 | D:2      | HP: 7/16 [gnoll/+0 spear (3)]
  1687 | D:2      | Gained mutation: Your natural rate of healing is unusually
                  | fast. [Vine Stalker growth]
  1687 | D:2      | Reached XP level 4. HP: 19/21 MP: 5/8
  1744 | D:2      | Reached skill level 5 in Earth Magic
  2310 | D:3      | Noticed Sigmund
  2312 | D:3      | Found a faded altar of an unknown god.
  2317 | D:3      | Reached XP level 5. HP: 24/24 MP: 6/9
  2320 | D:3      | Learned a level 2 spell: Passwall
  2324 | D:3      | Learned a level 3 spell: Stone Arrow
  2672 | D:3      | Reached skill level 1 in Conjurations
  2789 | D:3      | HP: 11/24 [orc priest/divine providence (13)]
  2793 | D:3      | HP: 5/24 [orc priest/divine providence (9)]
  2801 | D:3      | HP: 3/24 [orc priest/divine providence (9)]
  2947 | D:3      | Reached skill level 2 in Conjurations
  2947 | D:3      | Reached skill level 6 in Earth Magic
  2947 | D:3      | Reached XP level 6. HP: 28/28 MP: 5/10
  2957 | D:3      | HP: 11/28 [Sigmund/magic dart (8)]
  2958 | D:3      | Killed Sigmund
  2959 | D:3      | Reached skill level 3 in Conjurations
  3164 | D:3      | Found Odwu's Magic Scroll Shoppe.
  3578 | D:4      | Found a staircase to the Ecumenical Temple.
  3588 | Temple   | Entered the Ecumenical Temple
  3757 | Temple   | sleeves: !polytheist
  3757 | Temple   | beem: Unwon gods for sleeves: Fedhas, Ignis, Kikubaaqudgha,
                  | Nemelex Xobeh, Qazlal, Wu Jian
  3768 | Temple   | Became a worshipper of Kikubaaqudgha
  4051 | D:4      | Reached XP level 7. HP: 29/32 MP: 3/11
  4055 | D:4      | Reached skill level 3 in Stealth
  4570 | D:5      | Entered Level 5 of the Dungeon
  4988 | D:5      | Reached skill level 4 in Stealth
  4988 | D:5      | Reached skill level 7 in Earth Magic
  5006 | D:5      | Reached skill level 4 in Conjurations
  5102 | D:2      | Bought a pair of slimy boots for 256 gold pieces
  5102 | D:2      | Identified the +1 pair of boots of the Spider Nest {rElec}
                  | (You bought it in a shop on level 2 of the Dungeon)
  5196 | D:5      | Found Hupsut's Antique Weapon Emporium.
  5348 | D:5      | Reached * piety under Kikubaaqudgha
  5348 | D:5      | Received a gift from Kikubaaqudgha
  5533 | D:6      | Noticed Pikel
  5705 | D:5      | HP: 16/32 [Pikel/+2 whip of flaming (1)]
  5706 | D:5      | HP: 7/32 [Pikel/+2 whip of flaming (4)]
  5708 | D:5      | Slain by Pikel

Illustrated notes

Levels and vault maps discovered:
D:1:      mushboom_english_gardens, layout_loops_ring, minmay_pentomino_t2
D:2:      layout_loops_ring, serial_shops, nicolae_shop_stone,
          minmay_split_cup_large
D:3:      cheibrodos_greedy_goblins, layout_rooms, serial_shops,
          nicolae_shop_hallway_plus, ebering_ecumenical_altar_webs, uniq_sigmund
D:4:      layout_basic, minmay_temple_entry_sparse_star
D:5:      layout_gridville, serial_shops, kennysheep_mini_moat
D:6:      minmay_diamond_boxcup, layout_basic,
          mainiacjoe_overflow_catch_the_wave, serial_shops,
          nicolae_shop_crystal, uniq_pikel
Temple:   bh_familiar_temple

Skill      XL: |  1  2  3  4  5  6  7 |
---------------+----------------------+-----
Earth Magic    | 4 5 6 7 |  7.2
Conjurations   | 2 3 4 |  4.2
Stealth        | 4 |  4.6
Dodging        | |  1.5
Spellcasting   | |  2.1
Transmutations | |  1.0

Action                   |  1- 3 |  4- 6 |  7- 9 || total
-------------------------+-------+-------+-------++-------
Melee: Bite              |     1 |     6 |     5 ||    12
       Unarmed           |     1 |       |       ||     1
       Dagger            |       |    12 |    22 ||    34
       Punch             |       |     1 |       ||     1
 Cast: Sandblast         |    54 |    94 |    61 ||   209
Armor: Robe              |     4 |     3 |     7 ||    14
Dodge: Dodged            |    17 |    12 |    25 ||    54
Block: Buckler           |       |       |     6 ||     6
